| TOP OF THE 1ST |
|
University of Arizona Wildcats batting - Pitching for University of Toronto Marlies : RHP Jay Hagan
|
|
Pitching: RHP Jay Hagan
|
|
|
Batting: RHB Eddy Amaya
|
0-0: Ball 1-0: Called Strike 1-1: Ball 2-1: Called Strike 2-2: Ball 3-2: Strikes out swinging
|
|
Batting: LHB Pascal Noël
|
0-0: Swinging Strike 0-1: Called Strike 0-2: Ball 1-2: Ball 2-2: Strikes out swinging
|
|
Batting: LHB Andrew Davis
|
0-0: SINGLE (Groundball, 4MD, EV 102.5 MPH) (infield hit)
|
|
Batting: LHB Mark Harris
|
0-0: Called Strike 0-1: Foul Ball, location: 2F 0-2: Foul Ball, location: 2F 0-2: SINGLE (Line Drive, 89S, EV 88.1 MPH) Andrew Davis to second Runner from 2nd tries for 3rd, SAFE, no throw by RF
|
|
Batting: RHB Larry Harlow
|
0-0: Ball Wild Pitch! Andrew Davis scores Mark Harris to second 1-0: DOUBLE (Line Drive, 8LXD, EV 105.0 MPH) Mark Harris scores
|
|
Batting: LHB Lihau Keawe
|
0-0: Called Strike 0-1: Ball 1-1: Called Strike 1-2: Foul Ball, location: 2F 1-2: Ball 2-2: Strikes out swinging
|
| Top of the 1st over - 2 runs, 3 hits, 0 errors, 1 left on base; University of Arizona 2 - University of Toronto 0 |
| BOTTOM OF THE 1ST |
|
University of Toronto Marlies batting - Pitching for University of Arizona Wildcats : RHP Steve Smit
|
|
Pitching: RHP Steve Smit
|
|
|
Batting: LHB Efrem Isaev
|
0-0: SINGLE (Groundball, 34D, EV 105.6 MPH)
|
|
Batting: RHB Logan Johnson
|
0-0: Called Strike 0-1: Called Strike Efrem Isaev steals 2nd base (no throw) 0-2: Strikes out looking
|
|
Batting: SHB Jack Tierney
|
0-0: Ball Efrem Isaev steals 3rd base 1-0: Foul Ball, location: 2F 1-1: Ball 2-1: Ball Wild Pitch! Efrem Isaev scores 3-1: Base on Balls
|
|
Batting: RHB Akichika Yamano
|
0-0: Called Strike Jack Tierney steals 2nd base (no throw) 0-1: Ground out 6-3 (Groundball, 6, EV 101.9 MPH)
|
|
Batting: SHB Shannon Britten
|
0-0: Called Strike 0-1: Swinging Strike 0-2: 2-RUN HOME RUN (Flyball, 9LD, EV 90.0 MPH), Distance : 337 ft
|
|
Batting: RHB Elmar Adenauer
|
0-0: Called Strike 0-1: Called Strike 0-2: Foul Ball, location: 2F 0-2: Ball 1-2: Ball 2-2: Foul Ball, location: 2F 2-2: Foul Ball, location: 2F 2-2: Ball 3-2: Fly out, F9 (Flyball, 9S, EV 79.4 MPH)
|
| Bottom of the 1st over - 3 runs, 2 hits, 0 errors, 0 left on base; University of Arizona 2 - University of Toronto 3 |
| TOP OF THE 2ND |
|
University of Arizona Wildcats batting - Pitching for University of Toronto Marlies : RHP Jay Hagan
|
|
Batting: LHB Jere Paatelainen
|
0-0: Called Strike 0-1: Foul Ball, location: 2F 0-2: Strikes out swinging
|
|
Batting: SHB George Grace
|
0-0: Ball 1-0: Ground out 3-1 (Groundball, 34, EV 89.4 MPH)
|
|
Batting: RHB Tatsuro Hamasaki
|
0-0: Foul Ball, location: 2F 0-1: Foul Ball, location: 2F 0-2: Ball 1-2: Ball 2-2: Ball 3-2: Base on Balls
|
|
Batting: RHB Eddy Amaya
|
0-0: Ball 1-0: Ball Tatsuro Hamasaki steals 2nd base 2-0: Called Strike 2-1: 2-RUN HOME RUN (Flyball, 9D, EV 95.0 MPH), Distance : 363 ft
|
|
Batting: LHB Pascal Noël
|
0-0: Ball 1-0: SOLO HOME RUN (Line Drive, 89XD, EV 109.4 MPH), Distance : 418 ft
|
|
Batting: LHB Andrew Davis
|
0-0: Ball 1-0: Swinging Strike 1-1: Ground out 6-3 (Groundball, 6, EV 81.2 MPH)
|
| Top of the 2nd over - 3 runs, 2 hits, 0 errors, 0 left on base; University of Arizona 5 - University of Toronto 3 |
| BOTTOM OF THE 2ND |
|
University of Toronto Marlies batting - Pitching for University of Arizona Wildcats : RHP Steve Smit
|
|
Batting: RHB Jeff McClellan
|
0-0: Called Strike 0-1: Ball 1-1: Ball 2-1: Fly out, F9 (Flyball, 9D, EV 95.0 MPH)
|
|
Batting: SHB Jose Melendez
|
0-0: Called Strike 0-1: Ball 1-1: Ball 2-1: Ground out 4-3 (Groundball, 4, EV 91.9 MPH)
|
|
Batting: RHB Charlie Townend
|
0-0: Ball 1-0: Called Strike 1-1: Ball 2-1: Ball 3-1: DOUBLE (Groundball, 5L, EV 100.6 MPH)
|
|
Batting: LHB Efrem Isaev
|
0-0: Ball 1-0: Ball 2-0: Ball 3-0: Base on Balls
|
|
Batting: RHB Logan Johnson
|
0-0: Swinging Strike 0-1: Foul Ball, location: 2F 0-2: Fly out, F9 (Flyball, 89M, EV 81.9 MPH)
|
| Bottom of the 2nd over - 0 runs, 1 hit, 0 errors, 2 left on base; University of Arizona 5 - University of Toronto 3 |
| TOP OF THE 3RD |
|
University of Arizona Wildcats batting - Pitching for University of Toronto Marlies : RHP Jay Hagan
|
|
Batting: LHB Mark Harris
|
0-0: Called Strike 0-1: Ball 1-1: Ball 2-1: Foul Ball, location: 2F 2-2: Foul Ball, location: 2F 2-2: Ball 3-2: Base on Balls
|
|
Batting: RHB Larry Harlow
|
0-0: SINGLE (Groundball, 56S, EV 71.2 MPH) (infield hit) Mark Harris to second
|
|
Pitching: RHP Gui Xú
|
|
|
Batting: LHB Lihau Keawe
|
0-0: Called Strike 0-1: Foul Ball, location: 2F 0-2: Ball 1-2: Ball 2-2: Foul Ball, location: 2F 2-2: SINGLE (Line Drive, 6MD, EV 98.1 MPH) Mark Harris to third Larry Harlow to second
|
|
Batting: LHB Jere Paatelainen
|
0-0: Foul Ball, location: 2F 0-1: Ball 1-1: SINGLE (Groundball, 34D, EV 100.0 MPH) Mark Harris scores Larry Harlow to third Lihau Keawe to second
|
|
Batting: SHB George Grace
|
0-0: Called Strike 0-1: Ball 1-1: Foul Ball, location: 2F 1-2: Foul Ball, location: 2F 1-2: Ball 2-2: Fly out, F9 (Flyball, 9S, EV 78.1 MPH)
|
|
Batting: RHB Tatsuro Hamasaki
|
0-0: Hit by Pitch Larry Harlow scores Lihau Keawe to third Jere Paatelainen to second
|
|
Batting: RHB Eddy Amaya
|
0-0: Foul Ball, location: 2F 0-1: Ball 1-1: Ball 2-1: Called Strike 2-2: Ball 3-2: Foul Ball, location: 2F 3-2: Foul Ball, location: 2F 3-2: Foul Ball, location: 2F 3-2: Foul Ball, location: 2F 3-2: Fly out, F7 (Flyball, 7S, EV 81.9 MPH)
|
|
Batting: LHB Pascal Noël
|
0-0: Swinging Strike 0-1: Fly out, F5 (Popup, 5SF, EV 81.9 MPH)
|
| Top of the 3rd over - 2 runs, 3 hits, 0 errors, 3 left on base; University of Arizona 7 - University of Toronto 3 |
| BOTTOM OF THE 3RD |
|
University of Toronto Marlies batting - Pitching for University of Arizona Wildcats : RHP Steve Smit
|
|
Batting: SHB Jack Tierney
|
0-0: Ball 1-0: Foul Ball, location: 2F 1-1: Ground out 1-3 (Groundball, P, EV 68.8 MPH)
|
|
Batting: RHB Akichika Yamano
|
0-0: Ball 1-0: Ball 2-0: Ball 3-0: Called Strike 3-1: Base on Balls
|
|
Batting: SHB Shannon Britten
|
0-0: Ball 1-0: Swinging Strike 1-1: Called Strike 1-2: Ball 2-2: Strikes out swinging
|
|
Batting: RHB Elmar Adenauer
|
Pickoff Throw to First - Out! 1-3 CS
|
| Bottom of the 3rd over - 0 runs, 0 hits, 0 errors, 0 left on base; University of Arizona 7 - University of Toronto 3 |
| TOP OF THE 4TH |
|
University of Arizona Wildcats batting - Pitching for University of Toronto Marlies : RHP Gui Xú
|
|
Batting: LHB Andrew Davis
|
0-0: Called Strike 0-1: DOUBLE (Line Drive, 78XD, EV 103.8 MPH)
|
|
Pitching: RHP Aaron Knight
|
|
|
Batting: LHB Mark Harris
|
0-0: Ball 1-0: Foul Ball, location: 2F 1-1: Ball 2-1: Ground out 4-3 (Groundball, 4, EV 102.5 MPH) Andrew Davis to third
|
|
Batting: RHB Larry Harlow
|
0-0: Ball 1-0: Foul Ball, location: 2F 1-1: Ball 2-1: Foul Ball, location: 2F 2-2: Ball 3-2: Base on Balls
|
|
Batting: LHB Lihau Keawe
|
0-0: Ball 1-0: Foul Ball, location: 2F 1-1: Called Strike Larry Harlow steals 2nd base 1-2: Ball 2-2: Ground out 6-3 (Groundball, 6, EV 105.0 MPH) Andrew Davis scores
|
|
Batting: LHB Jere Paatelainen
|
0-0: Ball 1-0: DOUBLE (Line Drive, 9LM, EV 103.1 MPH) Larry Harlow scores
|
|
Batting: SHB George Grace
|
0-0: Ball 1-0: Foul Ball, location: 2F 1-1: Fly out, F7 (Flyball, 7LSF, EV 88.1 MPH)
|
| Top of the 4th over - 2 runs, 2 hits, 0 errors, 1 left on base; University of Arizona 9 - University of Toronto 3 |
| BOTTOM OF THE 4TH |
|
University of Toronto Marlies batting - Pitching for University of Arizona Wildcats : RHP Steve Smit
|
|
Batting: RHB Elmar Adenauer
|
0-0: Ball 1-0: Ground out 6-3 (Groundball, 6, EV 78.8 MPH)
|
|
Batting: RHB Jeff McClellan
|
0-0: Ball 1-0: Ball 2-0: Foul Ball, location: 2F 2-1: Called Strike 2-2: Foul Ball, location: 2F 2-2: Foul Ball, location: 2F 2-2: Ground out U3 (Groundball, 34S, EV 90.0 MPH)
|
|
Batting: SHB Jose Melendez
|
0-0: Ball 1-0: Hit by Pitch
|
|
Batting: RHB Charlie Townend
|
0-0: SINGLE (Line Drive, 89S, EV 107.5 MPH) Jose Melendez to second
|
|
Batting: LHB Efrem Isaev
|
0-0: Foul Ball, location: 2F 0-1: Fielders Choice at 2nd, 6-4 (Groundball, 6, EV 84.4 MPH)
|
| Bottom of the 4th over - 0 runs, 1 hit, 0 errors, 2 left on base; University of Arizona 9 - University of Toronto 3 |
| TOP OF THE 5TH |
|
University of Arizona Wildcats batting - Pitching for University of Toronto Marlies : RHP Aaron Knight
|
|
Batting: RHB Tatsuro Hamasaki
|
0-0: Foul Ball, location: 2F 0-1: Hit by Pitch
|
|
Batting: RHB Eddy Amaya
|
0-0: Called Strike 0-1: Swinging Strike 0-2: Strikes out swinging
|
|
Batting: LHB Pascal Noël
|
0-0: Called Strike 0-1: Ball 1-1: Foul Ball, location: 2F 1-2: Grounds into double play, 4-6-3 (Groundball, 4, EV 110.0 MPH)
|
| Top of the 5th over - 0 runs, 0 hits, 0 errors, 0 left on base; University of Arizona 9 - University of Toronto 3 |
| BOTTOM OF THE 5TH |
|
University of Toronto Marlies batting - Pitching for University of Arizona Wildcats : RHP Steve Smit
|
|
Batting: RHB Logan Johnson
|
0-0: Ball 1-0: Foul Ball, location: 2F 1-1: Ground out 5-3 (Groundball, 56S, EV 70.0 MPH)
|
|
Batting: SHB Jack Tierney
|
0-0: Called Strike 0-1: Ball 1-1: Ball 2-1: Called Strike 2-2: Ball 3-2: Foul Ball, location: 2F 3-2: Foul Ball, location: 2F 3-2: Foul Ball, location: 2F 3-2: Base on Balls
|
|
Pitching: LHP Matt Waterbury
|
|
|
Batting: RHB Akichika Yamano
|
0-0: Foul Ball, location: 2F 0-1: Ball 1-1: Foul Ball, location: 2F 1-2: DOUBLE (Line Drive, 9LM, EV 103.8 MPH) Jack Tierney to third Runner from 3rd tries for Home, SAFE, throw by RF to trailing runner, SAFE at third!
|
|
Batting: SHB Shannon Britten
|
0-0: Called Strike 0-1: Fly out, F6 (Popup, 6D, EV 54.4 MPH)
|
|
Batting: RHB Elmar Adenauer
|
0-0: Swinging Strike 0-1: Swinging Strike 0-2: Ball 1-2: Ground out 6-3 (Groundball, 6, EV 98.8 MPH)
|
| Bottom of the 5th over - 1 run, 1 hit, 0 errors, 1 left on base; University of Arizona 9 - University of Toronto 4 |
| TOP OF THE 6TH |
|
University of Arizona Wildcats batting - Pitching for University of Toronto Marlies : RHP Aaron Knight
|
|
Batting: LHB Andrew Davis
|
0-0: Called Strike 0-1: SINGLE (Groundball, 6M, EV 76.2 MPH) (infield hit)
|
|
Batting: LHB Mark Harris
|
0-0: SINGLE (Line Drive, 78S, EV 99.4 MPH) Andrew Davis to second
|
|
Batting: RHB Larry Harlow
|
0-0: Ground out 6-3 (Groundball, 6MS, EV 66.9 MPH) Andrew Davis to third Mark Harris to second
|
|
Batting: LHB Lihau Keawe
|
0-0: Called Strike 0-1: Ball 1-1: Fly out, F8 (Line Drive, 8RS, EV 98.1 MPH)
|
|
Pitching: LHP Nick Holt
|
|
|
Batting: LHB Jere Paatelainen
|
0-0: Fly out, F7 (Flyball, 78M, EV 80.0 MPH)
|
| Top of the 6th over - 0 runs, 2 hits, 0 errors, 2 left on base; University of Arizona 9 - University of Toronto 4 |
| BOTTOM OF THE 6TH |
|
University of Toronto Marlies batting - Pitching for University of Arizona Wildcats : LHP Matt Waterbury
|
|
Batting: RHB Jeff McClellan
|
0-0: Ball 1-0: Foul Ball, location: 2F 1-1: Ball 2-1: Ball 3-1: Base on Balls
|
|
Batting: SHB Jose Melendez
|
0-0: Ball Wild Pitch! Jeff McClellan to second 1-0: Foul Ball, location: 2F 1-1: Fly out, F9 (Line Drive, 9S, EV 98.8 MPH)
|
|
Batting: RHB Charlie Townend
|
0-0: Fly out, F9 (Line Drive, 89M, EV 110.6 MPH)
|
|
Batting: LHB Efrem Isaev
|
0-0: Ball Wild Pitch! Jeff McClellan to third 1-0: Called Strike 1-1: SINGLE (Line Drive, 78S, EV 106.9 MPH) Jeff McClellan scores
|
|
Batting: RHB Logan Johnson
|
0-0: Ball 1-0: Foul Ball, location: 2F 1-1: Ball 2-1: Ball 3-1: Called Strike 3-2: Foul Ball, location: 2F 3-2: Base on Balls Efrem Isaev to second
|
|
Pitching: RHP Chris Obloy
|
|
|
Batting: SHB Jack Tierney
|
0-0: Foul Ball, location: 2F 0-1: Swinging Strike 0-2: Ball 1-2: Strikes out looking
|
| Bottom of the 6th over - 1 run, 1 hit, 0 errors, 2 left on base; University of Arizona 9 - University of Toronto 5 |
| TOP OF THE 7TH |
|
University of Arizona Wildcats batting - Pitching for University of Toronto Marlies : LHP Nick Holt
|
|
Batting: SHB George Grace
|
0-0: Called Strike 0-1: Ball 1-1: Swinging Strike 1-2: Foul Ball, location: 2F 1-2: Foul Ball, location: 2F 1-2: Ball 2-2: Foul Ball, location: 2F 2-2: Ball 3-2: Base on Balls
|
|
Batting: RHB Tatsuro Hamasaki
|
0-0: Called Strike 0-1: Ball 1-1: Grounds into double play, 6-4-3 (Groundball, 6, EV 108.8 MPH)
|
|
Batting: RHB Eddy Amaya
|
0-0: Ball 1-0: Swinging Strike 1-1: Called Strike 1-2: Foul Ball, location: 2F 1-2: Ball 2-2: Ball 3-2: Strikes out swinging
|
| Top of the 7th over - 0 runs, 0 hits, 0 errors, 0 left on base; University of Arizona 9 - University of Toronto 5 |
| BOTTOM OF THE 7TH |
|
University of Toronto Marlies batting - Pitching for University of Arizona Wildcats : RHP Chris Obloy
|
|
Pitching: RHP Rogelio Chavez
|
|
|
Batting: RHB Akichika Yamano
|
0-0: Ball 1-0: Fly out, F4 (Popup, 4M, EV 59.4 MPH)
|
|
Batting: SHB Shannon Britten
|
0-0: Ball 1-0: Ball 2-0: Called Strike 2-1: Fly out, F8 (Flyball, 89S, EV 78.1 MPH)
|
|
Batting: RHB Elmar Adenauer
|
0-0: Foul Ball, location: 2F 0-1: Ball 1-1: Foul Ball, location: 2F 1-2: Strikes out looking
|
| Bottom of the 7th over - 0 runs, 0 hits, 0 errors, 0 left on base; University of Arizona 9 - University of Toronto 5 |
| TOP OF THE 8TH |
|
University of Arizona Wildcats batting - Pitching for University of Toronto Marlies : LHP Nick Holt
|
|
Pitching: RHP Mike McDonald
|
|
|
Batting: LHB Pascal Noël
|
0-0: Ball 1-0: SINGLE (Groundball, 6D, EV 110.6 MPH)
|
|
Batting: LHB Andrew Davis
|
0-0: Called Strike 0-1: Called Strike 0-2: Ball 1-2: Foul Ball, location: 2F 1-2: Foul Ball, location: 2F 1-2: Foul Ball, location: 2F 1-2: Ball Pascal Noël is caught stealing 2nd base 2-6 2-2: Ground out 4-3 (Groundball, 4, EV 87.5 MPH)
|
|
Batting: LHB Mark Harris
|
0-0: Ball 1-0: Called Strike 1-1: DOUBLE (Line Drive, 78M, EV 101.9 MPH)
|
|
Batting: RHB Larry Harlow
|
0-0: Ball 1-0: Foul Ball, location: 2F 1-1: Ball 2-1: Swinging Strike 2-2: Ground out 6-3 (Groundball, 6MS, EV 79.4 MPH)
|
| Top of the 8th over - 0 runs, 2 hits, 0 errors, 1 left on base; University of Arizona 9 - University of Toronto 5 |
| BOTTOM OF THE 8TH |
|
University of Toronto Marlies batting - Pitching for University of Arizona Wildcats : RHP Rogelio Chavez
|
|
Batting: RHB Jeff McClellan
|
0-0: Ball 1-0: SINGLE (Groundball, P, EV 90.0 MPH) (infield hit)
|
|
Pinch Hitting: RHB Rich Vanegas
|
0-0: Ball 1-0: Fly out, F6 (Line Drive, 6, EV 67.5 MPH)
|
|
Batting: RHB Charlie Townend
|
0-0: Called Strike 0-1: Ball 1-1: Foul Ball, location: 2F 1-2: SINGLE (Line Drive, 6D, EV 101.2 MPH) Jeff McClellan to second
|
|
Batting: LHB Efrem Isaev
|
0-0: Ball 1-0: Fly out, F6 (Popup, 56, EV 51.2 MPH)
|
|
Batting: RHB Logan Johnson
|
0-0: DOUBLE (Line Drive, 8RXD, EV 110.0 MPH) Jeff McClellan scores Charlie Townend to third Runner from 3rd tries for Home, SAFE, throw by CF to trailing runner, SAFE at third!
|
|
Batting: SHB Jack Tierney
|
0-0: Called Strike 0-1: Ball 1-1: Foul Ball, location: 2F 1-2: Foul Ball, location: 2F 1-2: Foul Ball, location: 2F 1-2: SINGLE (Line Drive, 7S, EV 98.1 MPH) Logan Johnson scores
|
|
Pitching: LHP Victor Silva
|
|
|
Batting: RHB Akichika Yamano
|
0-0: Ball 1-0: Ground out 1-3 (Groundball, 13S, EV 73.8 MPH)
|
| Bottom of the 8th over - 3 runs, 4 hits, 0 errors, 1 left on base; University of Arizona 9 - University of Toronto 8 |
| TOP OF THE 9TH |
|
University of Arizona Wildcats batting - Pitching for University of Toronto Marlies : RHP Mike McDonald
|
|
Pitching: RHP Luke Stannard
|
|
|
Now at 1B: Rich Vanegas
|
|
|
Now in CF: Efrem Isaev
|
|
|
Batting: LHB Lihau Keawe
|
0-0: Foul Ball, location: 2F 0-1: Foul Ball, location: 2F 0-2: Foul Ball, location: 2F 0-2: Ball 1-2: Ground out 4-3 (Groundball, 4, EV 100.0 MPH)
|
|
Batting: LHB Jere Paatelainen
|
0-0: Called Strike 0-1: Called Strike 0-2: Strikes out swinging
|
|
Batting: SHB George Grace
|
0-0: Ball 1-0: Called Strike 1-1: Swinging Strike 1-2: Foul Ball, location: 2F 1-2: Ball 2-2: Fly out, F9 (Flyball, 9, EV 84.4 MPH)
|
| Top of the 9th over - 0 runs, 0 hits, 0 errors, 0 left on base; University of Arizona 9 - University of Toronto 8 |
| BOTTOM OF THE 9TH |
|
University of Toronto Marlies batting - Pitching for University of Arizona Wildcats : LHP Victor Silva
|
|
Pitching: RHP Carlos Maravilla
|
|
|
Batting: SHB Shannon Britten
|
0-0: Swinging Strike 0-1: Ground out 6-3 (Groundball, 6, EV 88.1 MPH)
|
|
Batting: RHB Elmar Adenauer
|
0-0: Ball 1-0: SINGLE (Line Drive, 4MD, EV 105.0 MPH)
|
|
Batting: RHB Jeff McClellan
|
0-0: Swinging Strike 0-1: Fielders Choice at 2nd, 1-6 (Groundball, 13S, EV 64.4 MPH)
|
|
Batting: RHB Rich Vanegas
|
0-0: Fielders Choice at 2nd, 6-4 (Groundball, 6, EV 93.1 MPH)
|
| Bottom of the 9th over - 0 runs, 1 hit, 0 errors, 1 left on base; University of Arizona 9 - University of Toronto 8 |
|